Map: Nightscape LE

Players

inSAiT

  • Race: Terran Terran
  • Spawn Location: 7:00

eRrrr

  • Race: Terran Terran
  • League: Platinum
  • Spawn Location: 7:00

Massa - Winner!

  • Race: Terran Terran
  • League: Platinum
  • Spawn Location: 1:00

qqq - Winner!

  • Race: Zerg Zerg
  • Spawn Location: 1:00

VOD

Have the link to the VOD?

Description

Time

  • Played on: Nov. 7, 2020, 4:57 p.m.
  • Length: 12:10
Show
View Real Time Build Order
Export as new Build Order

inSAiT Terran 

Build Orders:  

Get SALT Encoding   

  12  0:01  SCV  
  13  0:13  SCV  
  14  0:23  Supply Depot  
  14  0:25  SCV  
  15  0:31  Refinery  
  15  0:45  SCV  
  16  0:50  Barracks  
  16  0:57  SCV  
  17  1:09  SCV  
  18  1:13  Refinery  
  18  1:21  SCV  
  18  1:33  SCV  
  19  1:48  Factory  
  19  1:55  Supply Depot  
  19  1:57  Orbital Command  
  19  2:35  Starport  
  19  2:37  Widow Mine  
  21  2:45  Command Center  
  21  3:02  Barracks Reactor  
  20  3:22  Hellion  
  22  3:32  Starport Tech Lab, Fusion Core  
  22  3:43  SCV  
  23  3:55  SCV  
  24  4:08  SCV  
  25  4:19  Battlecruiser  
  25  4:23  Supply Depot  
  31  4:26  SCV  
  32  4:34  Orbital Command  
  32  4:36  Command Center  
  32  4:44  Marine x2  
  34  5:01  Orbital Command  
  34  5:08  Weapon Refit  
  34  5:15  Marine x2  
  34  5:18  Factory Tech Lab  
  36  5:23  SCV  
  37  5:35  SCV  
  36  5:42  Siege Tank  
  39  5:47  SCV  
  39  5:49  SCV  
  41  5:59  SCV  
  41  6:01  SCV  
  43  6:11  SCV  
  44  6:14  SCV, Siege Tank  
  44  6:16  Engineering Bay  
  44  6:18  Battlecruiser  
  54  6:26  SCV  
  55  6:38  SCV  
  56  6:46  Siege Tank  
  59  6:47  Missile Turret  
  59  6:50  SCV  
  59  6:53  Missile Turret  
  60  6:54  Missile Turret  
  60  6:55  Missile Turret  
  60  6:56  Missile Turret  
  60  6:57  Orbital Command  
  60  7:02  SCV  
  61  7:14  SCV  
  62  7:26  SCV  
  63  7:31  Missile Turret  
  63  7:32  Missile Turret  
  63  7:34  Missile Turret x2  
  63  7:36  Missile Turret x3  
  63  7:39  Hi-Sec Auto Tracking  
  51  7:53  Missile Turret  
  51  7:55  Missile Turret  
  45  8:50  Orbital Command  
  45  9:29  Missile Turret x3  
  45  9:30  Missile Turret x2  
  45  9:43  Battlecruiser  
  51  9:48  SCV  
  52  10:00  SCV  
  53  10:12  SCV  
  54  10:25  Barracks x2  
  54  10:27  Barracks x2  
  54  10:28  Barracks  
  54  10:43  Missile Turret  
  54  11:14  Barracks  
  54  11:15  Engineering Bay  
  54  11:16  SCV, Engineering Bay  
Show
View Real Time Build Order
Export as new Build Order

eRrrr Terran 

Build Orders: 2 Factory, Gas First Reaper Expand 

Get SALT Encoding   

  12  0:00  SCV  
  13  0:12  SCV  
  14  0:17  Supply Depot  
  14  0:24  SCV  
  15  0:31  Refinery  
  15  0:39  SCV  
  16  0:44  Barracks  
  16  0:51  SCV  
  17  1:03  SCV  
  18  1:15  SCV  
  19  1:31  Orbital Command  
  19  1:32  Reaper  
  20  1:41  Command Center  
  20  1:50  Refinery  
  20  1:54  Supply Depot  
  20  1:57  SCV  
  21  2:10  Barracks Reactor  
  21  2:15  SCV  
  22  2:17  Factory  
  22  2:28  SCV  
  23  2:40  Factory  
  23  2:45  SCV  
  24  2:57  SCV  
  25  3:00  Barracks Tech Lab  
  25  3:14  Command Center  
  25  3:24  Hellion x2  
  28  3:40  Starport  
  28  3:43  Barracks Reactor  
  28  3:45  Hellion  
  28  3:46  Hellion  
  28  3:47  SCV  
  34  3:58  Orbital Command  
  34  4:00  SCV  
  34  4:12  SCV  
  35  4:18  Armory  
  35  4:24  SCV  
  36  4:25  Siege Tank  
  39  4:36  SCV  
  40  4:40  Widow Mine  
  40  4:41  Widow Mine  
  44  4:48  SCV, Supply Depot  
  45  4:53  Engineering Bay, Supply Depot  
  45  4:54  SCV  
  46  5:02  Viking, Siege Tank  
  51  5:19  Widow Mine  
  53  5:22  Viking  
  53  5:27  SCV  
  53  5:28  SCV  
  57  5:34  Siege Tank  
  60  5:35  Missile Turret  
  60  5:39  SCV  
  60  5:40  SCV, Missile Turret  
  62  5:51  SCV  
  62  5:55  Refinery  
  63  5:58  Refinery  
  63  6:07  SCV x2  
  61  6:23  Thor  
  61  6:24  Widow Mine x2  
  71  6:26  Viking  
  71  6:28  SCV x2  
  66  6:54  Sensor Tower  
  66  6:55  SCV x2  
  66  6:58  Missile Turret  
  68  7:04  Orbital Command  
  68  7:07  SCV x2  
  70  7:09  Thor  
  70  7:12  Terran Vehicle And Ship Armor Level 1  
  70  7:13  Missile Turret  
  76  7:17  Supply Depot  
  76  7:19  Missile Turret, Supply Depot  
  76  7:22  Missile Turret  
  76  7:38  Widow Mine x2, Viking x2  
  76  7:40  Missile Turret  
  76  7:41  Supply Depot x2  
  76  7:42  Missile Turret  
  76  7:43  Missile Turret  
  84  7:56  Siege Tank  
  85  8:00  Refinery  
  85  8:05  Factory  
  78  8:43  Thor  
  78  8:45  Widow Mine x2, Viking x2  
  92  8:49  SCV  
  92  8:50  SCV x2  
  95  9:03  SCV  
  95  9:04  SCV, Command Center x2  
  95  9:07  Missile Turret  
  97  9:12  SCV, Sensor Tower  
  98  9:24  SCV  
  98  9:26  Thor  
  98  9:27  Missile Turret  
  105  9:36  SCV  
  105  9:37  Widow Mine x2  
  110  9:41  Factory Tech Lab, Missile Turret  
  108  9:48  SCV  
  106  9:54  Starport  
  106  9:57  Starport  
  104  10:15  Widow Mine x3  
  104  10:16  Widow Mine  
  90  10:37  Widow Mine x4  
  96  10:44  Orbital Command  
  96  10:51  Refinery  
  96  10:58  Widow Mine x3  
Show
View Real Time Build Order
Export as new Build Order

Massa Terran - Winner!

Build Orders: Reaper Expand 

Get SALT Encoding   

  12  0:00  SCV  
  13  0:12  SCV  
  14  0:19  Supply Depot  
  14  0:24  SCV  
  15  0:40  SCV  
  15  0:42  Barracks  
  16  0:50  Refinery  
  16  0:53  SCV  
  17  1:05  SCV  
  18  1:17  SCV  
  19  1:33  Reaper  
  19  1:34  Orbital Command  
  20  1:43  Command Center  
  20  2:00  SCV  
  21  2:05  Marine  
  22  2:16  SCV  
  23  2:26  Command Center  
  23  2:29  Supply Depot  
  23  2:43  Factory  
  23  2:50  SCV, Marine  
  25  2:57  Supply Depot  
  25  3:01  Refinery  
  25  3:02  SCV  
  26  3:08  Marine  
  27  3:39  Factory Tech Lab  
  27  3:40  Barracks Tech Lab  
  26  3:43  Orbital Command  
  26  3:44  SCV  
  26  3:46  Orbital Command  
  27  3:54  Engineering Bay  
  27  3:56  SCV  
  27  3:58  Siege Tank  
  27  4:00  Marauder  
  27  4:01  Stimpack  
  33  4:08  Barracks  
  33  4:12  Barracks  
  33  4:15  SCV x2  
  35  4:18  SCV  
  36  4:25  Missile Turret  
  36  4:27  SCV  
  37  4:33  Missile Turret  
  37  4:40  Marauder  
  37  4:45  Terran Infantry Weapons Level 1  
  39  4:48  Armory  
  39  4:49  SCV  
  39  4:50  SCV x2  
  42  4:55  Refinery  
  42  5:01  SCV  
  42  5:02  SCV, Marauder  
  46  5:08  Refinery  
  46  5:11  Barracks Reactor  
  46  5:15  Siege Tank  
  46  5:18  Barracks Tech Lab  
  49  5:22  SCV x3  
  52  5:34  SCV x3  
  52  5:35  Marauder  
  57  5:41  Combat Shield  
  57  5:46  SCV  
  58  5:51  Orbital Command  
  58  5:55  SCV  
  59  5:58  SCV  
  59  5:59  Siege Tank  
  63  6:07  SCV  
  63  6:10  SCV  
  65  6:19  Marauder x2  
  65  6:25  Missile Turret  
  69  6:27  Supply Depot  
  69  6:31  Supply Depot  
  69  6:33  Supply Depot  
  69  6:46  Missile Turret  
  69  6:49  SCV x2, Marauder x2, Marine x2  
  69  6:52  SCV  
  78  6:59  Concussive Shells  
  78  7:01  SCV x2  
  78  7:04  SCV  
  78  7:07  Marine x2, Missile Turret  
  83  7:09  Cyclone  
  83  7:11  Marauder x2  
  83  7:13  SCV x2  
  83  7:15  Starport  
  92  7:17  Barracks  
  92  7:24  Marine  
  92  7:28  Missile Turret  
  93  8:03  Marauder  
  92  8:06  Marauder  
  79  8:22  Refinery  
  79  8:23  Refinery  
  79  8:30  SCV x3  
  82  8:34  Barracks Tech Lab  
  82  8:35  Marauder x2, Marine x2  
  82  8:41  Starport Reactor  
  88  8:42  SCV x3  
  88  8:43  Command Center  
  91  8:51  Supply Depot x2  
  91  8:52  Supply Depot x2  
  91  8:53  Marine x2  
  93  8:57  Engineering Bay  
  93  9:12  SCV x2, Marine x2, Thor  
  93  9:13  Marauder x3  
  93  9:15  Supply Depot  
  93  9:16  Barracks, Supply Depot  
  109  9:17  Supply Depot  
  109  9:20  Supply Depot  
  109  9:22  Barracks  
  109  9:24  Missile Turret  
  109  9:28  Armory  
  109  9:30  Marine  
  109  9:31  Marine  
  111  9:34  Marauder x3  
  111  9:35  Smart Servos  
  117  9:39  Terran Infantry Weapons Level 2  
  117  9:40  Supply Depot  
  117  9:41  Terran Infantry Armor Level 1  
  117  9:44  Missile Turret  
  117  9:45  Supply Depot  
  117  9:46  SCV  
  117  9:47  SCV x2, Supply Depot x2  
  120  9:55  Siege Tank  
  120  9:56  Marauder x3  
  120  9:57  Orbital Command  
  120  9:59  SCV  
  130  10:03  Medivac x2  
  130  10:05  Missile Turret, Supply Depot  
  130  10:06  SCV x2  
  136  10:10  Supply Depot x2  
  136  10:11  SCV  
  136  10:12  Marine  
  136  10:13  Barracks Reactor, Barracks Tech Lab  
  138  10:14  Marine  
  138  10:17  Marauder x3  
  138  10:18  SCV  
  146  10:30  Marine  
  146  10:33  Medivac x2  
  151  10:37  Marauder, Marine  
  151  10:38  Marauder x3  
  160  10:47  Marine  
  161  10:55  Marine  
  162  10:58  Marauder, Marine x2  
  162  11:00  Marauder x3, Thor  
  162  11:03  Medivac  
  180  11:05  Marine  
  181  11:13  Marine  
  181  11:14  Command Center  
  181  11:16  Marine  
  183  11:19  Marauder  
  183  11:21  Marauder  
  186  11:34  Marauder x2  
  186  11:35  Marine x4  
  194  11:41  Marauder  
  194  11:42  Marauder  
  198  11:49  SCV x2  
Show
View Real Time Build Order
Export as new Build Order

qqq Zerg - Winner!

Build Orders: Hatch First 

Get SALT Encoding   

  12  0:01  Drone  
  13  0:08  Drone  
  14  0:37  Hatchery  
  13  0:43  Drone  
  14  0:58  Spawning Pool  
  13  1:09  Overlord  
  13  1:11  Drone  
  14  1:37  Drone x3  
  17  1:42  Extractor  
  16  1:51  Queen  
  16  1:52  Queen  
  20  2:07  Drone x2  
  20  2:08  Drone x2  
  24  2:13  Drone  
  25  2:16  Drone  
  25  2:21  Drone  
  27  2:23  Drone  
  28  2:39  Overlord  
  28  2:45  Overlord  
  28  2:46  Overlord  
  28  2:51  Lair  
  28  2:58  Extractor, Drone  
  28  3:11  Drone x2  
  28  3:12  Drone x3  
  33  3:15  Zergling x2  
  33  3:17  Overlord  
  33  3:18  Drone  
  35  3:21  Drone  
  36  3:27  Drone x2  
  38  3:35  Drone, Spine Crawler  
  38  3:41  Drone  
  39  3:50  Drone, Spire  
  39  3:57  Drone  
  40  4:02  Overlord  
  40  4:03  Overlord  
  40  4:04  Drone  
  40  4:07  Extractor  
  40  4:08  Extractor  
  39  4:20  Drone  
  40  4:25  Overlord  
  40  4:26  Drone x2  
  42  4:31  Queen  
  42  4:34  Drone  
  42  4:35  Drone  
  46  4:38  Drone  
  46  4:43  Hatchery  
  46  4:56  Drone x2  
  48  5:01  Mutalisk x4  
  48  5:05  Zerg Flyer Weapons Level 1  
  56  5:17  Drone x2  
  56  5:18  Drone  
  59  5:27  Mutalisk x3  
  65  5:39  Drone, Mutalisk  
  65  5:41  Mutalisk, Overlord  
  65  5:42  Overlord  
  69  6:06  Mutalisk x2  
  69  6:07  Overlord  
  69  6:08  Overlord  
  69  6:09  Drone x2  
  69  6:10  Queen  
  76  6:21  Mutalisk x2  
  76  6:23  Zergling x6  
  76  6:24  Drone  
  84  6:46  Pneumatized Carapace  
  84  6:47  Overseer  
  84  6:53  Mutalisk x2  
  86  6:55  Drone x3  
  91  7:02  Corruptor  
  90  7:22  Drone x3  
  93  7:24  Drone x2, Mutalisk x2  
  93  7:26  Overlord  
  99  7:40  Hatchery  
  98  7:46  Hatchery  
  90  7:53  Hatchery  
  89  8:08  Mutalisk x5  
  89  8:10  Drone x3  
  98  8:17  Evolution Chamber  
  98  8:18  Infestation Pit  
  96  8:20  Spore Crawler  
  91  8:43  Mutalisk x2  
  91  8:44  Corruptor  
  91  8:45  Drone  
  91  8:46  Drone x2  
  100  9:01  Queen  
  100  9:02  Drone  
  103  9:03  Drone  
  103  9:04  Queen  
  103  9:06  Drone x3  
  103  9:08  Drone x2  
  103  9:09  Corruptor x3, Overlord  
  117  9:17  Overlord x2  
  117  9:18  Drone x3  
  120  9:31  Hive  
  120  9:32  Zerg Melee Weapons Level 1  
  120  9:37  Evolution Chamber  
  117  9:52  Corruptor x2  
  115  9:54  Drone x5  
  115  9:55  Drone x7  
  110  10:47  Drone x6  
  110  10:48  Drone x2  
  117  10:51  Spore Crawler  
  117  10:53  Spine Crawler x2, Spore Crawler  
  117  10:55  Spine Crawler  
  102  11:12  Corruptor x3  
  102  11:13  Corruptor x3  
  102  11:20  Drone x8  
  102  11:21  Drone, Corruptor x3  
  102  11:22  Mutalisk  
  118  11:26  Zergling x4  
  118  11:27  Zergling x14  
  118  11:28  Zergling x6  
  130  11:36  Spore Crawler  
  130  11:37  Spore Crawler  
  130  11:39  Spore Crawler  
  125  11:43  Zergling x4  
  125  11:44  Drone x2  
  125  11:45  Drone x5  
  134  11:48  Extractor x2  
  134  11:49  Extractor  
  134  11:51  Extractor  
  126  11:55  Extractor  
  126  11:56  Spore Crawler  
  126  11:59  Extractor  
  126  12:00  Hatchery  
  122  12:04  Ultralisk Cavern  
Tags
 
Add a new tag
Caveats
  • Supply blocks, unpowered buildings, or Contaminate may cause inaccurate times.
  • Supply counts are checked every 10 seconds.